 Dungeon Crawl Stone Soup version 0.24-a0-581-gc0fa660 (webtiles) character file.

Game seed: 16695308591547997772

130 popedarpa the Ducker (level 5, -1/37 HPs)
             Began as an Octopode Berserker on Aug 22, 2019.
             Was a Believer of Trog.
             Engulfed by an orc wizard's steam (8 damage)
             ... on level 3 of the Dungeon.
             The game lasted 00:05:29 (2046 turns).

popedarpa the Ducker (Octopode Berserker)           Turns: 2046, Time: 00:05:30

Health: -1/37      AC:  1    Str: 17    XL:     5   Next: 13%
Magic:  5/5        EV: 12    Int:  9    God:    Trog [**....]
Gold:   221        SH:  7    Dex: 12    Spells: 4/4 levels left

rFire    . . .     SeeInvis .   a - +0 falchion
rCold    . . .     Gourm    .   k - +0 shield
rNeg     . . .     Faith    .   (helmet restricted)
rPois    .         Spirit   .   (no amulet)
rElec    .         Reflect  .   (no ring)
rCorr    .         Harm     .   (no ring)
MR       ++...                  (no ring)
Stlth    +++.......             (no ring)
HPRegen  1.12/turn              (no ring)
MPRegen  0.09/turn              (no ring)
                                (no ring)
                                (no ring)

@: regenerating
A: almost no armour, stealthy swim, amphibious, 8 rings, constrict 8, camouflage
1, gelatinous body 1
a: Berserk, Trog's Hand, Renounce Religion


You were on level 3 of the Dungeon.
You worshipped Trog.
Trog was pleased with you.
You were not hungry.

You visited 1 branch of the dungeon, and saw 3 of its levels.

You collected 221 gold pieces.

Inventory:

Hand Weapons
 a - a +0 falchion (weapon)
Armour
 k - a +0 shield (worn)
Wands
 p - a wand of clouds (3)
Scrolls
 c - a scroll of enchant armour {unknown}
 e - 3 scrolls of identify {unknown}
 f - a scroll of amnesia {unknown}
 g - a scroll of teleportation {unknown}
 h - a scroll of enchant weapon {unknown}
 l - a scroll of immolation {unknown}
 o - a scroll of remove curse {unknown}
Potions
 d - 3 potions of lignification {unknown}
 i - a potion of magic {unknown}
 j - 3 potions of mutation {unknown}
 m - 3 potions of curing {unknown}
 n - 2 potions of brilliance {unknown}
 q - a potion of flight {unknown}
 r - a potion of degeneration {unknown}
Comestibles
 b - 7 rations
 s - 2 chunks of flesh


   Skills:
 + Level 3.7 Fighting
 + Level 3.9 Long Blades
 * Level 4.2 Dodging
 - Level 0.6 Stealth
 + Level 0.6 Shields


You had 4 spell levels left.
You didn't know any spells.
Your spell library was empty.

Dungeon Overview and Level Annotations

Branches:
Dungeon (3/15)

Altars:
Fedhas
Qazlal
Ru
Sif Muna
Zin

Annotations:
D:3 1 runed translucent door, Crazy Yiuf


Innate Abilities, Weirdness & Mutations

You cannot wear most types of armour.
You are very stealthy in the water. (Stealth+)
You are amphibious.
You can wear up to eight rings at the same time.
You can use your tentacles to constrict eight enemies at once.
Your skin changes colour to match your surroundings (Stealth+).
Your rubbery body absorbs attacks. (AC +1, EV +1)


Message History

You squeeze the orc wizard!
The orc wizard is heavily wounded.
The orc wizard casts a spell at you. The puff of flame hits you!
The orc wizard gestures at you while chanting.
The puff of flame hits you.
You slash the orc wizard! Your grab misses the orc wizard.
The orc wizard is almost dead.
You are engulfed in a cloud of scalding steam.
You block the orc wizard's attack.
The orc wizard hits you with a +0 dagger.
* * * LOW HITPOINT WARNING * * *
The orc wizard hits you with a cursed -1 dagger.
* * * LOW HITPOINT WARNING * * *
You block the orc wizard's attack.
Your skin crawls.
You feel resistant to hostile enchantments.
You feel somewhat more hungry.
You are engulfed in a cloud of scalding steam.
You die...

...##.# #...# ##.#.##...#.
#####.#####...###### #.#.##...#.
..............(....## #...##...##
##..................# #.........#
##.#.#........).....# #..###.....
...#.######...#########..........
.#.#^## #...######..##.####....
......# #...#.≈..#8..#....#####
...##.# #...#o@..'._...##[#####
....#.# #...#o≈..#8..#.##.#....
....#.# ##.#######..##.#....###
)...#.# #.##########..........
...##.######.......# #.#.........
...................# #....>......
.###.#####.######..# #####.......
####.####......##..#### ##.#....
#.....(#..###.#......# #######


You could see 2 orc wizards.

Vanquished Creatures
  Jessica (D:3)
  Robin (D:2)
  An adder (D:2)
  A worm (D:3)
  2 dart slugs
  5 leopard geckos
  An orc (D:3)
  A ball python (D:2)
  A bat zombie (D:2)
  4 giant cockroaches
  18 goblins
  12 hobgoblins
  5 bats
  A frilled lizard (D:1)
  A giant cockroach zombie (D:2)
  A jackal skeleton (D:2)
  A jackal zombie (D:2)
  5 kobolds
  A quokka skeleton (D:2)
  A quokka zombie (D:2)
  3 rats (D:1)
67 creatures vanquished.

Notes
Turn   | Place    | Note
-------+----------+-------------------------------------------
     0 | D:1      | popedarpa the Octopode Berserker began the quest for the
                  | Orb.
     0 | D:1      | Reached XP level 1. HP: 16/16 MP: 1/1
    97 | D:1      | Reached XP level 2. HP: 19/21 MP: 2/2
   349 | D:1      | Reached XP level 3. HP: 26/26 MP: 3/3
   694 | D:2      | Found a glowing silver altar of Zin.
   695 | D:2      | Found a sacrificial altar of Ru.
   812 | D:2      | Reached ** piety under Trog
  1059 | D:2      | Noticed Robin
  1067 | D:2      | Reached XP level 4. HP: 27/31 MP: 4/4
  1083 | D:2      | Killed Robin
  1083 | D:2      | Reached skill level 4 in Dodging
  1515 | D:3      | Found a stormy altar of Qazlal.
  1803 | D:3      | Found a runed translucent door.
  1804 | D:3      | Noticed Crazy Yiuf
  1928 | D:3      | Found a shimmering blue altar of Sif Muna.
  1986 | D:3      | Noticed Jessica
  1993 | D:3      | Killed Jessica
  1993 | D:3      | Reached XP level 5. HP: 34/37 MP: 5/5
  2001 | D:3      | Found a blossoming altar of Fedhas.
  2046 | D:3      | Engulfed by an orc wizard's steam

Levels and vault maps discovered:
D:1:      co_arrival_square_in_a_square_in_a_square, layout_loops_ring
D:2:      layout_basic, grunt_temple_overflow_open, serial_undead,
          serial_undead_c, serial_undead_d, serial_undead_f, serial_undead_b,
          uniq_robin
D:3:      layout_loops_cross, led_sif_book, lemuel_crystal_altar,
          marbit_many_paths, first_ration, uniq_crazy_yiuf_cottage, uniq_jessica

Skill      XL: |  1  2  3  4 |
---------------+-------------+-----
Dodging        | 4 |  4.2
Fighting       | |  3.7
Long Blades    | |  3.9
Stealth        | |  0.6
Shields        | |  0.6

Action                   |  1- 3 |  4- 6 || total
-------------------------+-------+-------++-------
Melee: Falchion          |    58 |    52 ||   110
       Constrict         |    18 |    16 ||    34
       Tentacles         |    15 |    17 ||    32
Invok: Trog's Hand       |       |     2 ||     2
       Berserk           |       |     1 ||     1
 Stab: Sleeping          |     5 |     3 ||     8
  Eat: Chunk             |       |     5 ||     5
Armor: Skin              |     2 |     3 ||     5
Dodge: Dodged            |    51 |    25 ||    76
Block: Shield            |       |    21 ||    21
       Rpst.: Falchion   |    13 |    11 ||    24

Table legend:
 A = Non-vault XP
 B = Vault XP
 C = Vault XP percentage of total XP
 D = Non-vault monster count
 E = Vault monster count
 F = Vault count percentage of total count
                 A         B        C        D         E       F
            +---------+---------+-------+---------+---------+-------
      Total |     104 |      82 |  44.1 |      47 |      20 |  29.9
            +---------+---------+-------+---------+---------+-------
        D:1 |      43 |       0 |   0.0 |      23 |       0 |   0.0
        D:2 |      44 |      45 |  50.6 |      15 |      19 |  55.9
        D:3 |      17 |      37 |  68.5 |       9 |       1 |  10.0
            +---------+---------+-------+---------+---------+-------
